 Dungeon Crawl Stone Soup version 0.21-a0-128-gf2b353c (webtiles) character file.

187 Musica the Sneak (level 5, 0/31 HPs)
             Began as an Octopode Fire Elementalist on July 17, 2017.
             Succumbed to an adder's poison
             ... on level 3 of the Dungeon.
             The game lasted 00:16:14 (3479 turns).

Musica the Sneak (Octopode Fire Elementalist)       Turns: 3479, Time: 00:16:14

Health: 0/31       AC:  1    Str:  6 (8)  XL:     5   Next: 66%
Magic:  3/9        EV: 13    Int: 18      God:
Gold:   83         SH:  0    Dex: 12      Spells: 4/10 levels left

rFire    . . .     SeeInvis .   e - +0 halberd (freeze)
rCold    . . .     Gourm    .   (shield currently unavailable)
rNeg     . . .     Faith    .   (helmet restricted)
rPois    .         Spirit   .   (no amulet)
rElec    .         Reflect  .   (no ring)
rCorr    .         Harm     .   (no ring)
MR       .....                  (no ring)
Stlth    +++.......             (no ring)
HPRegen  0.10/turn              (no ring)
MPRegen  0.11/turn              (no ring)
                                (no ring)
                                (no ring)

@: lethally poisoned (0 -> -3)
A: almost no armour, stealthy swim, amphibious, 8 rings, constrict 8, camouflage
1, gelatinous body 1
a: no special abilities


You were on level 3 of the Dungeon.
You were not hungry.

You visited 1 branch of the dungeon, and saw 4 of its levels.

You collected 83 gold pieces.

Inventory:

Hand Weapons
 e - a +0 halberd of freezing (weapon)
 f - a +0 short sword
 h - a +0 spear
Missiles
 c - 12 poisoned needles
 j - 81 stones
 l - 34 arrows
 q - 2 javelins of returning (quivered)
Wands
 i - a wand of random effects (16/48)
Scrolls
 d - a scroll of remove curse
 k - a scroll of identify
 o - a scroll of recharging
Books
 a - a book of Flames

   Spells                             Type                      Level
   a - Flame Tongue                   Conjuration/Fire             1
   b - Throw Flame                    Conjuration/Fire             2
   c - Conjure Flame                  Conjuration/Fire             3
   d - Inner Flame                    Hexes/Fire                   3
   e - Sticky Flame                   Conjuration/Fire             4
   f - Fireball                       Conjuration/Fire             5
Comestibles
 b - 2 bread rations
 m - 2 chunks of flesh


   Skills:
 - Level 0.2 Short Blades
 * Level 1.3 Polearms
 + Level 1.0 Throwing
 - Level 2.0 Dodging
 + Level 4.1 Stealth
 + Level 3.0 Spellcasting
 * Level 2.4 Conjurations
 + Level 4.0 Fire Magic


You had 4 spell levels left.
You knew the following spells:

 Your Spells              Type           Power        Failure   Level  Hunger
a - Flame Tongue          Conj/Fire      ##...        4%          1    None
b - Throw Flame           Conj/Fire      ##....       7%          2    ##.....
c - Conjure Flame         Conj/Fire      ##......     13%         3    ###....


Dungeon Overview and Level Annotations

Branches:
Dungeon (4/15)
 Temple: D:4-7

Altars:
Makhleb


Innate Abilities, Weirdness & Mutations

You cannot wear most types of armour.
You are very stealthy in the water. (Stealth+)
You are amphibious.
You can wear up to eight rings at the same time.
You can use your tentacles to constrict eight enemies at once.
Your skin changes colour to match your surroundings (Stealth+).
Your rubbery body absorbs attacks. (AC +1, EV +1)


Message History

Aiming: Flame Tongue
Press: ? - help, Shift-Dir - straight line, f/p - adder
Aim: an adder (severely wounded)
The flame tongue misses the adder.
* * * LOW HITPOINT WARNING * * *
You feel sick. The adder misses you.
Casting: Flame Tongue
Confirm with . or Enter, or press ? or * to list all spells.
Aiming: Flame Tongue
Press: ? - help, Shift-Dir - straight line, f/p - adder
Aim: an adder (severely wounded)
The flame tongue misses the adder.
The adder barely misses you.
Casting: Flame Tongue
Confirm with . or Enter, or press ? or * to list all spells.
Aiming: Flame Tongue
Press: ? - help, Shift-Dir - straight line, f/p - adder
Aim: an adder (severely wounded)
The flame tongue hits the adder.
You kill the adder!
You die...

##.# ##..
#.....$..#
.##.
#........#
....#
#........#
#...#
#........#
###..
#........#
.. ..
#........#
##
#........#
#..@.....#
##########


There were no monsters in sight!

Vanquished Creatures
  An iron imp (D:3)
  Ijyb (D:2)
  A gnoll (D:1)
  6 adders
  2 worms (D:2)
  A dart slug (D:3)
  A leopard gecko (D:1)
  2 giant cockroaches
  9 goblins
  5 hobgoblins
  6 jackals
  10 kobolds
  A quokka (D:1)
  4 bats
  5 frilled lizards
  5 rats
60 creatures vanquished.

Notes
Turn   | Place    | Note
-------+----------+-------------------------------------------
     0 | D:1      | Musica the Octopode Fire Elementalist began the quest for the Orb.
     0 | D:1      | Reached XP level 1. HP: 11/11 MP: 3/3
   506 | D:1      | Reached XP level 2. HP: 17/17 MP: 3/5
   706 | D:1      | Learned a level 2 spell: Throw Flame
  1322 | D:2      | Reached XP level 3. HP: 20/21 MP: 4/6
  1433 | D:2      | Learned a level 3 spell: Conjure Flame
  1623 | D:2      | Found a faded altar of an unknown god.
  1711 | D:2      | Reached XP level 4. HP: 27/27 MP: 2/7
  1936 | D:3      | Noticed Ijyb
  2851 | D:2      | Killed Ijyb
  2851 | D:2      | Reached skill level 1 in Throwing
  2996 | D:2      | Reached XP level 5. HP: 26/31 MP: 6/9
  3342 | D:3      | Found a burning altar of Makhleb.
  3414 | D:3      | Reached skill level 1 in Polearms
  3477 | D:3      | HP: 1/31 [poisoned by an adder]
  3479 | D:3      | Succumbed to an adder's poison

Vault maps used:
D:1:      minmay_arrival_doors, minmay_misc_feat_chi
D:2:      chequers_ecumenical_altar_island
D:3:      demons_altar, serial_glass, glass_columns_a, glass_columns_b,
          uniq_ijyb, uniq_robin
D:4:      first_bread, trog_book

Skill      XL: |  1  2  3  4  5 |
---------------+----------------+-----
Stealth        | 3 4 |  4.1
Throwing       | 1 |  1.0
Conjurations   | 2 |  2.4
Fire Magic     | 4 |  4.0
Polearms       | 1 |  1.3
Spellcasting   | 3 |  3.0
Short Blades   | |  0.2
Dodging        | |  2.0

Action                   |  1- 3 |  4- 6 || total
-------------------------+-------+-------++-------
Melee: Unarmed           |     5 |       ||     5
       Constrict         |     6 |    10 ||    16
       Tentacles         |     2 |     6 ||     8
       Short sword       |    15 |    30 ||    45
       Halberd           |       |    37 ||    37
Throw: Javelin           |    13 |     5 ||    18
       Stone             |     6 |       ||     6
 Cast: Flame Tongue      |    35 |    29 ||    64
       Conjure Flame     |     1 |     3 ||     4
  Use: Scroll            |     5 |     1 ||     6
       Potion            |     3 |     1 ||     4
 Stab: Sleeping          |     7 |     4 ||    11
  Eat: Chunk             |     3 |     3 ||     6
       Meat ration       |       |     1 ||     1
Armor: Skin              |     1 |    11 ||    12
Dodge: Dodged            |    35 |    58 ||    93
